 Dungeon Crawl Stone Soup version 0.19.1 (webtiles) character file.

101 Aksej the Chopper (level 4, 0/33 HPs)
             Began as a Demonspawn Gladiator on Dec 12, 2016.
             Killed from afar by Natasha (3 damage)
             ... with a magic dart
             ... on level 2 of the Dungeon.
             The game lasted 00:02:27 (1284 turns).

Aksej the Chopper (Demonspawn Gladiator)            Turns: 1284, Time: 00:02:29

Health: 0/33       AC:  5    Str: 16    XL:     4   Next: 48%
Magic:  4/4        EV: 12    Int: 10    God:
Gold:   104        SH:  0    Dex: 13    Spells: 0 memorised, 3 levels left

rFire  . . .     SeeInvis .     a - +0 war axe
rCold  . . .     Gourm    .     i - +0 ring mail
rNeg   . . .     Faith    .     (no shield)
rPois  .         Spirit   .     (helmet restricted)
rElec  .         Reflect  .     (no cloak)
rCorr  .         Harm     .     (no gloves)
MR     .....                    (no boots)
Stlth  +.........               (no amulet)
                                (no ring)
                                (no ring)

@: slowed, very slow
A: horns 1
a: no special abilities


You were on level 2 of the Dungeon.
You were not hungry.

You visited 1 branch of the dungeon, and saw 2 of its levels.

You collected 104 gold pieces.

Inventory:

Hand Weapons
 a - a +0 war axe (weapon)
Missiles
 d - 3 throwing nets (quivered)
Armour
 i - a +0 ring mail (worn)
Scrolls
 b - a scroll of recharging {unknown}
 c - 4 scrolls of remove curse
 e - a scroll of random uselessness {unknown}
Comestibles
 f - 2 bread rations
 g - a beef jerky
 h - a chunk of flesh
 j - a slice of pizza


   Skills:
 + Level 2.2 Fighting
 * Level 4.0 Axes
 + Level 1.7 Throwing
 + Level 1.3 Armour
 + Level 3.2 Dodging


You had 3 spell levels left.
You didn't know any spells.

Dungeon Overview and Level Annotations

Branches:
Dungeon (2/15)

Altars:

Annotations:
D:2 Natasha, Terence


Innate Abilities, Weirdness & Mutations

You have a pair of small horns on your head.


Message History

The goblin barely misses you.
You slash Natasha! Your headbutt misses Natasha.
Natasha is heavily wounded.
You hit the goblin.
You kill the goblin!
Natasha extends her claws.
Natasha closely misses you.
Natasha stares at you and mumbles some strange words.
The magic dart hits you!
You slash Natasha! Your headbutt misses Natasha.
Natasha is almost dead.
Natasha claws you! x2
* * * LOW HITPOINT WARNING * * *
You barely miss Natasha.
Natasha is almost dead.
Natasha claws you.
* * * LOW HITPOINT WARNING * * *
Natasha stares at you and mumbles some strange words.
The magic dart hits you!
You die...

.............#....#.# #.##+##.
#<............#.##..#####....#
.
#############...##...[....##.#
. ###.##........# #
#.##........# #.##........#
#.####+####.# ... #####'## #.#
... #...h@.# #. #.# ....
#...)..# #. #.# ....
.........# #. #.#....#
##.......###.####.#....#
#.......+..............
#.....$....####.###.##....
#.###......# #.###'## ...
####.# ###########..#...# ..
#....# #....#...# .


You could see Natasha.

Vanquished Creatures
  Natasha (twice) (D:2)
  2 adders (D:2)
  2 dart slugs
  A leopard gecko (D:2)
  5 bats
  7 goblins
  A hobgoblin (D:1)
  6 frilled lizards
  3 kobolds
  5 rats
34 creatures vanquished.

Notes
Turn   | Place    | Note
-------+----------+-------------------------------------------
     0 | D:1      | Aksej the Demonspawn Gladiator began the quest for the Orb.
     0 | D:1      | Reached XP level 1. HP: 16/16 MP: 1/1
   273 | D:1      | Reached skill level 3 in Axes
   273 | D:1      | Gained mutation: You have a pair of small horns on your head. [demonic ancestry]
   273 | D:1      | Reached XP level 2. HP: 11/22 MP: 2/2
   741 | D:2      | Noticed Terence
   887 | D:2      | Noticed Natasha
   893 | D:2      | Killed Natasha
   893 | D:2      | Reached XP level 3. HP: 22/27 MP: 3/3
   997 | D:2      | Reached skill level 1 in Armour
   999 | D:2      | Reached XP level 4. HP: 9/33 MP: 4/4
  1256 | D:2      | Noticed Natasha
  1263 | D:2      | Killed Natasha
  1263 | D:2      | Reached skill level 4 in Axes
  1274 | D:2      | Noticed Natasha
  1284 | D:2      | Killed from afar by Natasha

Skill      XL: |  1  2  3  4 |
---------------+-------------+-----
Axes           | 3 4 |  4.0
Dodging        | 3 |  3.2
Armour         | 1 |  1.3
Fighting       | |  2.2
Throwing       | |  1.7

Action                   |  1- 3 |  4- 6 || total
-------------------------+-------+-------++-------
Melee: War axe           |    82 |    13 ||    95
       Headbutt          |     7 |     1 ||     8
  Use: Scroll            |     4 |       ||     4
       Potion            |     1 |       ||     1
  Eat: Chunk             |       |     1 ||     1
Armor: Leather armour    |     7 |       ||     7
       Ring mail         |    26 |     3 ||    29
       Skin              |     9 |     2 ||    11
Dodge: Dodged            |    69 |    13 ||    82
